 Dungeon Crawl Stone Soup version 0.29-a0-994-gc5c9f59d18 (webtiles) character file.

Game seed: 3658882158801526631

19748 manyhoops the Transmogrifier (level 12, -1/98 HPs)
             Began as a Demigod Transmuter on Aug 4, 2022.
             Slain by an elephant (10 damage)
             ... on level 2 of the Lair of Beasts.
             The game lasted 00:22:23 (15163 turns).

manyhoops the Transmogrifier (Demigod Transmuter)  Turns: 15163, Time: 00:22:23

Health: -1/98      AC: 14    Str: 22    XL:     12   Next: 11%
Magic:  21/29      EV: 13    Int: 23    God:
Gold:   611        SH:  5    Dex: 13    Spells: 13/29 levels left

rFire   x . .      SeeInvis .     - Unarmed
rCold   + + +      Faith    .   (shield currently unavailable)
rNeg    . . .      Spirit   .   (body armour currently unavailable)
rPois   +          Reflect  +   (helmet currently unavailable)
rElec   .          Harm     .   (cloak currently unavailable)
rCorr   .          Rampage  .   (gloves currently unavailable)
Will    +....                   (boots currently unavailable)
Stlth   +.........              h - amulet of reflection
HPRegen 0.26/turn               f - +4 ring of protection
MPRegen 0.21/turn               w - +4 ring of slaying

@: ice-form, wereblooded, freezing walls, studying Dodging
A: freezing attack, amphibious, boosted hp, large, high MP 1, forlorn, divine
attributes, clever 1, frail 1
a: End Transformation


You were on level 2 of the Lair of Beasts.
You were a creature of crystalline ice.
You visited 2 branches of the dungeon, and saw 13 of its levels.
You also visited: Gauntlet.

You collected 611 gold pieces.

Inventory:

Armour
 a - a +0 robe (melded)
 b - a +0 cloak (melded)
 i - the +1 pair of gloves "Tikeob" (melded) {rN+}
   (You found it in a Gauntlet)

   rN:        It protects you from negative energy.
 q - a +0 pair of boots (melded)
 S - the +0 plate armour of the Original Sin {rPois rF+}
   (You took it off a minotaur in a Gauntlet)

   rF:        It protects you from fire.
   rPois:     It protects you from poison.
 W - a +3 leather armour of fire resistance
Magical Staves
 D - a staff of earth
Jewellery
 e - a ring of fire
 f - a +4 ring of protection (left front paw)
 h - an amulet of reflection (around neck)
 w - a +4 ring of slaying (right front paw)
 y - a ring of wizardry
 z - a ring of ice
 F - a ring of flight
 J - the ring "Amuil" {Fly rN+ Will+}
   (You found it in a Gauntlet)

   [ring of flight]

   rN:        It protects you from negative energy.
   Fly:       It grants you flight.
   Will:      It increases your willpower.
 P - an amulet of regeneration
 Q - a +4 ring of slaying
 U - a ring of magical power
 V - an amulet of guardian spirit
 Z - a ring of protection from cold
Wands
 v - a wand of polymorph (6)
 x - a wand of flame (27)
 G - a wand of quicksilver (28)
 H - a wand of digging (6)
 K - a wand of iceblast (11)
 T - a wand of mindburst (9)
Scrolls
 k - 3 scrolls of butterflies
 l - 2 scrolls of amnesia
 m - 2 scrolls of vulnerability
 p - 2 scrolls of enchant armour
 A - 3 scrolls of enchant weapon
 B - 2 scrolls of immolation
 C - 2 scrolls of noise
 M - 2 scrolls of teleportation {unknown}
 O - a scroll of summoning {unknown}
 R - a scroll of poison {unknown}
 X - 2 scrolls of identify
 Y - a scroll of magic mapping
Potions
 c - 2 potions of attraction
 d - 3 potions of resistance
 g - 5 potions of might
 j - a potion of cancellation
 n - a potion of ambrosia
 o - 5 potions of flight
 r - 2 potions of berserk rage
 s - a potion of brilliance {unknown}
 t - a potion of invisibility
 u - 3 potions of curing
 E - a potion of mutation
 I - 3 potions of haste
 L - a potion of magic {unknown}
 N - a potion of degeneration {unknown}


   Skills:
 - Level 4.3 Fighting
 - Level 8.3 Dodging
 - Level 9.2 Unarmed Combat
 - Level 9.1 Spellcasting
 + Level 9.5 Transmutations
 - Level 6.1 Ice Magic
 * Level 4.2 Earth Magic


You had 13 spell levels left.
You knew the following spells:

 Your Spells              Type           Power      Damage    Failure   Level
a - Beastly Appendage     Tmut           100%       N/A       1%          1
b - Wereblood             Tmut           53%        N/A       1%          2
c - Ice Form              Ice/Tmut       46%        N/A       2%          4
d - Frozen Ramparts       Ice            76%        1d15      1%          3
e - Statue Form           Tmut/Erth      28%        N/A       50%         6

Your spell library contained the following spells:

 Spells                   Type           Power      Damage    Failure   Level
 Freeze                   Ice            100%       1d11      1%          1
 Sandblast                Erth           60%        2d14      1%          1
 Ensorcelled Hibernation  Hex/Ice        48%        N/A       2%          2
 Spider Form              Tmut/Pois      32%        N/A       2%          3
 Ignite Poison            Fire/Tmut/Pois 25%        N/A       4%          3
 Magic Dart               Conj           40%        1d5       6%          1
 Necrotise                Necr           40%        1d6       6%          1
 Searing Ray              Conj           20%        2d5       10%         2
 Hailstorm                Conj/Ice       24%        3d7       17%         4
 Conjure Flame            Conj/Fire      10%        6-21      19%         3
 Inner Flame              Hex/Fire       10%        N/A       19%         3
 Leda's Liquefaction      Hex/Erth       10%        N/A       26%         4
 Lee's Rapid Deconstruct  Erth           15%        3d11*     30%         5
 Anguish                  Hex/Necr       5%         N/A       52%         4
 Cause Fear               Hex            5%         N/A       52%         4
 Fulminant Prism          Conj/Hex       5%         3d7       52%         4
 Sticky Flame             Conj/Fire      10%        2d3       52%         4
 Simulacrum               Ice/Necr       12%        N/A       95%         6
 Discord                  Hex            5%         N/A       100%        8


Dungeon Overview and Level Annotations

Branches:
Dungeon (10/15)            Temple (0/1) D:5            Lair (3/5) D:8
 Shoals (0/4) Lair:2       Spider (0/4) Lair:2      Gauntlet (visited)
    Orc: D:9-12


Innate Abilities, Weirdness & Mutations

You are a creature of crystalline ice.
You have a powerful freezing melee attack.
You are amphibious.
Your maximum health is increased.
Your armour is entirely melded.
You are incapable of wielding weapons or throwing items.
You have an increased reservoir of magic. (+10% MP)
You shall have no god before yourself.
Your divine heritage dramatically boosts your attributes as you level up.
Your mind is acute. (Int +4, Str/Dex -1)
You are frail. (-10% HP)


Message History

The elephant tramples you!
* * * LOW HITPOINT WARNING * * *
You hold your ground!
The elephant trunk-slaps you but does no damage.
The elephant closely misses you. The elephant barely misses you.
Casting: Ice Form (dangerous; 2% risk of failure)
Confirm with . or Enter, or press ? or * to list all spells.
Casting: Frozen Ramparts (safe; 1% risk of failure)
Press: ? - help, Dir - look around, f - activate A stone staircase leading down.
The walls around you are covered in ice.
The wall freezes the elephant.
The elephant misses you.
The elephant trunk-slaps you but does no damage.
The wall freezes the elephant!
The elephant tramples you!
* * * LOW HITPOINT WARNING * * *
You hold your ground!
The elephant trunk-slaps you but does no damage.
The elephant completely misses you.
The elephant trunk-slaps you but does no damage.
Your frozen ramparts will break if you move.
Continue?
Okay, then.
You completely miss the elephant.
The elephant is almost dead.
The wall freezes the elephant but does no damage.
The elephant tramples you but does no damage.
The elephant closely misses you. The elephant tramples you!
* * * LOW HITPOINT WARNING * * *
You hold your ground!
The elephant trunk-slaps you but does no damage.
The wall freezes the elephant!
You feel a bit better.
You kill the elephant!
Unknown command.
Okay, then.
Okay, then.
You feel better.
You howl as the wereblood boils in your veins!
The wall freezes the elephant!
The elephant barely misses you.
The elephant trunk-slaps you but does no damage.
The elephant tramples you!
You die...

#### ####.#..#
###..######.......##
##.##...##.........P#
....................#
#####..#...#.......P#
# ########.......##
#.......# #∩...Y..#
#...YY..# ######.##
#..## ###..P# ###
####P#.###
###.#######P.......##
..........>.........#
..P######.##........#
#P## #.#>.#.....>##


You could see 2 elephants.

Vanquished Creatures
  A minotaur (Gauntlet)
  A hydra (Lair:2)
  A catoblepas (Lair:2)
  2 wizards (Gauntlet)
  An oklob plant (Lair:1)
  2 elephants
  2 black mambas (Lair:1)
  A gargoyle (D:8)
  7 cane toads
  An unseen horror (D:8)
  A polar bear (Lair:3)
  A polar bear (shapeshifter) (D:8)
  A troll (D:8)
  8 flying skulls (Gauntlet)
  Sigmund (D:4)
  4 culicivoras (Lair:2)
  5 wyverns
  26 yaks
  A basilisk (Lair:1)
  Menkaure (D:4)
  Edmund (D:5)
  2 water moccasins
  3 orc warriors
  6 ice beasts
  A sky beast (D:7)
  2 black bears
  6 centaurs
  A kobold brigand (D:8)
  A phantom (D:5)
  Blork the orc (D:4)
  A necrophage (D:8)
  13 bullfrogs
  2 gnoll sergeants
  4 scorpions
  14 wights
  A killer bee (D:8)
  A howler monkey (D:9)
  2 gnoll boudas
  5 jellies
  4 hounds
  4 orc priests
  Natasha (thrice) (D:3)
  3 iguanas
  11 orc wizards
  A centaur simulacrum (D:8)
  Robin (D:2)
  6 gnolls
  6 adders
  6 shadow imps
  5 white imps
  2 ufetubi (D:6)
  2 worms
  3 dart slugs
  35 orcs
  4 endoplasms
  2 giant cockroaches
  9 goblins
  10 hobgoblins
  12 jackals
  7 quokkas
  6 ball pythons
  3 bats
  4 frilled lizards
  8 kobolds
  3 rats
  A bush (Lair:1)
296 creatures vanquished.

Vanquished Creatures (others)
  2 orcs
  13 fungi
  31 plants
  A withered plant (D:3)
47 creatures vanquished.

Grand Total: 343 creatures vanquished

Notes
Turn   | Place    | Note
-------+----------+-------------------------------------------
     0 | D:1      | manyhoops the Demigod Transmuter began the quest for the
                  | Orb.
     0 | D:1      | Reached XP level 1. HP: 15/15 MP: 5/5
   171 | D:1      | Reached skill level 1 in Fighting
   649 | D:1      | Reached XP level 2. HP: 23/23 MP: 7/7
   660 | D:1      | Learned a level 2 spell: Wereblood
   994 | D:2      | Reached XP level 3. HP: 26/28 MP: 8/8
  1238 | D:2      | Noticed Robin
  1253 | D:2      | Killed Robin
  1254 | D:2      | Reached XP level 4. HP: 28/36 MP: 7/9
  2208 | D:3      | Reached XP level 5. HP: 25/41 MP: 7/10
  2328 | D:3      | Noticed Natasha
  2336 | D:3      | Killed Natasha
  2337 | D:3      | Reached skill level 5 in Unarmed Combat
  2583 | D:3      | Noticed Natasha
  2593 | D:3      | Killed Natasha
  2682 | D:3      | Noticed Natasha
  2688 | D:3      | Killed Natasha
  2783 | D:4      | Noticed Menkaure
  2875 | D:3      | Reached XP level 6. HP: 43/50 MP: 11/11
  2959 | D:4      | Noticed Sigmund
  2982 | D:4      | Killed Sigmund
  3321 | D:4      | Noticed Blork the orc
  3329 | D:4      | Killed Blork the orc
  3330 | D:4      | Reached XP level 7. HP: 35/57 MP: 12/12
  3811 | D:4      | Killed Menkaure
  4271 | D:5      | Entered Level 5 of the Dungeon
  4501 | D:5      | Noticed Edmund
  4517 | D:5      | Killed Edmund
  4647 | D:5      | Reached XP level 8. HP: 66/66 MP: 11/13
  4926 | D:5      | Found a staircase to the Ecumenical Temple.
  5152 | D:5      | You fall into a shaft and drop 1 floor!
  5156 | D:6      | Identified a scroll of acquirement
  5161 | D:6      | Acquired a manual of Dodging
  5481 | D:6      | Reached skill level 5 in Dodging
  5791 | D:6      | Found a sand-covered staircase.
  6398 | D:6      | Reached XP level 9. HP: 51/72 MP: 14/14
  7596 | D:8      | Reached skill level 5 in Transmutations
  7824 | D:8      | Noticed a gargoyle
  7828 | D:8      | Killed a gargoyle
  7872 | D:8      | Killed an unseen horror
  8187 | D:8      | Reached XP level 10. HP: 55/80 MP: 15/15
  8542 | D:8      | Learned a level 4 spell: Ice Form
  8675 | D:8      | Reached skill level 1 in Ice Magic
  8873 | D:8      | Found a staircase to the Lair.
  9367 | D:9      | Reached skill level 5 in Ice Magic
 10104 | D:9      | Learned a level 3 spell: Frozen Ramparts
 10154 | D:10     | Entered Level 10 of the Dungeon
 10998 | Lair:1   | Entered Level 1 of the Lair of Beasts
 11017 | Lair:1   | Noticed a black mamba
 11023 | Lair:1   | Killed a black mamba
 11159 | Lair:1   | Reached skill level 5 in Spellcasting
 11163 | Lair:1   | Reached XP level 11. HP: 85/85 MP: 13/22
 11699 | Lair:1   | Got the Directory of Stones and Unholy Mysteries
 12915 | Lair:2   | Noticed a catoblepas
 12923 | Lair:2   | Killed a catoblepas
 13043 | Lair:2   | Found a gate leading to a gauntlet.
 13049 | Gauntlet | Entered a Gauntlet
 13049 | Gauntlet | Noticed a dire elephant
 13049 | Gauntlet | Found a transporter.
 13050 | Gauntlet | Noticed a sixfirhy
 13055 | Gauntlet | Noticed a sixfirhy
 13063 | Gauntlet | Noticed a sixfirhy
 13068 | Gauntlet | Noticed a sixfirhy
 13078 | Gauntlet | Found a transporter.
 13095 | Gauntlet | Found a transporter.
 13098 | Gauntlet | Found a transporter.
 13106 | Gauntlet | Noticed a death scarab
 13107 | Gauntlet | Noticed a death scarab
 13118 | Gauntlet | Found a transporter.
 13130 | Gauntlet | Noticed a thrashing horror
 13131 | Gauntlet | Found a transporter.
 13132 | Gauntlet | Noticed a thrashing horror
 13135 | Gauntlet | Found a transporter.
 13139 | Gauntlet | Found a transporter.
 13167 | Gauntlet | Noticed a wizard
 13171 | Gauntlet | Noticed a wizard
 13175 | Gauntlet | Found a transporter.
 13175 | Gauntlet | Found a transporter.
 13183 | Gauntlet | Found a transporter.
 13214 | Gauntlet | Found a transporter.
 13350 | Gauntlet | Identified the +1 pair of gloves "Tikeob" {rN+}
 13518 | Gauntlet | Killed a wizard
 13521 | Gauntlet | Killed a wizard
 13530 | Gauntlet | Identified the ring "Amuil" {Fly rN+ Will+}
 13554 | Gauntlet | Identified the +0 plate armour of the Original Sin {rPois
                  | rF+}
 13554 | Gauntlet | Noticed a minotaur
 13564 | Gauntlet | Killed a minotaur
 13932 | Lair:2   | Gained mutation: You are frail. (-10% HP) [potion of
                  | mutation]
 13932 | Lair:2   | Gained mutation: Your mind is acute. (Int +4, Str/Dex -1)
                  | [potion of mutation]
 13994 | Lair:2   | Learned a level 6 spell: Statue Form
 14004 | Lair:2   | Reached skill level 1 in Earth Magic
 14020 | Lair:2   | Found a hole to the Spider Nest.
 14257 | Lair:2   | Noticed a four-headed hydra
 14267 | Lair:2   | Killed a four-headed hydra
 14546 | Lair:2   | Found a staircase to the Shoals.
 14763 | Lair:2   | Reached XP level 12. HP: 61/82 MP: 24/29
 15162 | Lair:2   | HP: 3/98 [elephant (9)]
 15163 | Lair:2   | Slain by an elephant

Illustrated notes

Levels and vault maps discovered:
D:1:      saegor_arrival_simple_b, layout_rooms
D:2:      layout_rooms, basic_altar, minmay_split_cup_large, uniq_robin
D:3:      layout_loops_cross, ebering_ecumenical_altar_petrified,
          corner_web_ring, uniq_natasha
D:4:      layout_gridville, lightli_minifort, uniq_blork_the_orc, uniq_sigmund,
          uniq_menkaure
D:5:      layout_gridville, minmay_temple_entry_drinking_statues,
          hangedman_decor_riveting, uniq_edmund
D:6:      layout_basic, chequers_ossuary_entry_cave, kennysheep_generic_room_14
D:7:      minmay_angry_zag, layout_loops_ring
D:8:      nzn_winding_woodlands_cross [nzn_winding_woodlands_5x15_default,
          nzn_winding_woodlands_5x15_default, nzn_winding_woodlands_5x15_twine,
          nzn_winding_woodlands_5x15_pathside_ponds,
          nzn_winding_woodlands_15x15_five_gardens], layout_basic,
          fedhas_altar_4, kennysheep_generic_room_15
D:9:      layout_roguey, minmay_starry_boxes
D:10:     layout_cave_pools, erik_orc_4, serial_gnoll_camp,
          gnoll_camp_huts_basic, gnoll_camp_medium_02, gnoll_camp_mini_hut,
          gnoll_camp_mini_doghouse, gnoll_camp_medium_01, grums_kennel,
          nicolae_shop_self_help, uniq_psyche
Lair:1:   layout_long_grid, minmay_lair_oklob_items, grunt_megastairs_1,
          infiniplex_staircase_pool_2
Lair:2:   layout_roguey, elwin_shoals_entry_rocks,
          hellmonk_spider_entry_life_and_decay, gauntlet_entry_generic
Lair:3:   layout_chaotic_city

Skill      XL: |  1  2  3  4  5  6  7  8  9 10 11 12 |
---------------+-------------------------------------+-----
Fighting       | 1 2 3 4 |  4.3
Unarmed Combat | 3 4 5 6 8 9 |  9.2
Dodging        | 8 |  8.3
Transmutations | 7 8 9 |  9.5
Ice Magic      | 6 |  6.1
Spellcasting   | 5 9 |  9.1
Earth Magic    | 3 4 |  4.2

Action                   |  1- 3 |  4- 6 |  7- 9 | 10-12 || total
-------------------------+-------+-------+-------+-------++-------
Melee: Unarmed           |   111 |   152 |   238 |   350 ||   851
       Punch             |     2 |     4 |    12 |    10 ||    28
       Kick              |    10 |    24 |    63 |    47 ||   144
       Headbutt          |     5 |    15 |    48 |    31 ||    99
 Cast: Beastly Appendage |     9 |    27 |    42 |    20 ||    98
       Wereblood         |     2 |     3 |     9 |    18 ||    32
       Ice Form          |       |       |       |    20 ||    20
       Frozen Ramparts   |       |       |       |     3 ||     3
  Use: Potion            |       |     5 |     1 |    12 ||    18
       Scroll            |       |     1 |     9 |     6 ||    16
 Stab: Sleeping          |       |       |     3 |       ||     3
       Petrified         |       |       |       |     3 ||     3
Armor: Robe              |    29 |    41 |    49 |    38 ||   157
       Skin              |       |       |    27 |    69 ||    96
Dodge: Dodged            |    67 |    77 |    98 |   243 ||   485
Block: Other             |    24 |    35 |    47 |    69 ||   175
       Reflection        |     1 |     1 |     2 |     2 ||     6

Table legend: (Time is in decaauts)
 A = Elapsed time spent in this place.
 B = Non-inter-level travel time spent in this place.
 C = Inter-level travel time spent in this place.
 D = Time resting spent in this place.
 E = Time spent auto-exploring this place.
 F = Levels seen in this place.
 G = Mean time per level.
                   A        B        C        D        E       F      G
               +--------+--------+--------+--------+--------+-----+--------+
         Total |  15035 |  14224 |    811 |   2472 |   9578 |  14 | 1073.9 |
       Dungeon |  10918 |  10202 |    716 |   1294 |   7301 |  10 | 1091.8 |
          Lair |   3376 |   3282 |     94 |    829 |   2064 |   3 | 1125.3 |
      Gauntlet |    741 |    741 |      0 |    349 |    213 |   1 |  741.0 |
               +--------+--------+--------+--------+--------+-----+--------+

Top non-repeatable levels by time:
  Lair:1: 1973 daAuts
     D:8: 1728 daAuts
     D:9: 1709 daAuts
  Lair:2: 1380 daAuts
     D:4: 1357 daAuts
     D:3: 1347 daAuts
     D:6: 1182 daAuts
     D:1: 971 daAuts
     D:5: 929 daAuts
     D:7: 888 daAuts
     D:2: 745 daAuts
Gauntlet: 741 daAuts
    D:10: 56 daAuts
  Lair:3: 22 daAuts
